 Dungeon Crawl Stone Soup version 0.15-a0-1119-g9b3a599 (webtiles) character file.

347759 MackTheKnife the Phalangite (level 21, -22/198 (201) HPs)
             Began as a Centaur Gladiator on Apr 25, 2014.
             Was a High Priest of Trog.
             Annihilated by MackTheKnife's illusion (32 damage)
             ... woven by Mara
             ... while paralysed
             ... on Level 4 of the Vaults on May 29, 2014.
             The game lasted 03:03:40 (63227 turns).

MackTheKnife the Phalangite (Centaur Gladiator)    Turns: 63227, Time: 03:03:40

HP -22/198 (201) AC 32     Str 24      XL: 21   Next: 22%
MP  31/31        EV  1     Int  7      God: Trog [*****.]
Gold 359         SH  0     Dex 24      Spells:  0 memorised, 20 levels left

rFire  + . .     SeeInvis +     K - +10,+7 scythe "Dragon's Doom" {drain, rF+ Str+3}
rCold  . . .     Clarity  .     D - +8 chain mail of Vaobosiu {Str+1 Dex+4}
rNeg   . . .     rCorr    .     (no shield)
rPois  .         rRot     .     n - +2 helmet
rElec  +         Spirit   .     O - +0 cloak
SustAb .         Warding  .     M - +0 pair of gloves
rMut   .         Stasis   .     e - +2 centaur barding {Stlth+}
Gourm  .                        c - amulet of the Air {Inacc +Fly rElec EV+5 RMsl}
MR     +++..                    C - ring of see invisible
                                L - +0,+9 ring of slaying

@: paralysed, exhausted, regenerating, slowed, repel missiles, very heavily
drained, very quick, extremely resistant to hostile enchantments, extremely
unstealthy
A: hooves 3, yellow scales 1, agile 1, deformed body, speed 2, tough skin 3
a: Burn Spellbooks, Berserk, Trog's Hand, Brothers in Arms, Renounce Religion,
Evoke Flight
}: 2/15 runes: barnacled, gossamer


You were on level 4 of the Vaults.
You worshipped Trog.
Trog was extremely pleased with you.
You were near starving.

You visited 7 branches of the dungeon, and saw 46 of its levels.
You also visited: Bailey and Volcano.

You collected 4706 gold pieces.
You spent 4347 gold pieces at shops.


Innate Abilities, Weirdness & Mutations

You have hooves in place of feet.
Armour fits poorly on your strangely shaped body.
You cover ground very quickly.
You have extremely tough skin (AC +3).
You are partially covered in yellow scales (AC +2).
You are agile. (Dex +2)


   Skills:
 - Level 20.0(15.6) Fighting
 + Level 21.3(16.8) Polearms
   Level 6.6(3.4) Staves
 - Level 2.6(0.0) Throwing
 - Level 10.0(6.5) Armour
 - Level 12.1(8.5) Dodging
 - Level 10.0(6.5) Evocations


You had 20 spell levels left.
You didn't know any spells.

Inventory:

Hand weapons
 K - the +10,+7 scythe "Dragon's Doom" (weapon) {drain, rF+ Str+3}
   (You found it on level 8 of the Dungeon)

   A truly terrible weapon, it drains the life of those it strikes.
   It affects your strength (+3).
   It protects you from fire.
Armour
 e - a +2 centaur barding of stealth (worn)
 n - a +2 helmet (worn)
 D - the +8 chain mail of Vaobosiu (worn) {Str+1 Dex+4}
   (You found it on level 13 of the Dungeon)

   It affects your strength (+1).
   It affects your dexterity (+4).
 M - a +0 pair of gloves (worn)
 O - a +0 cloak (worn)
Magical devices
 a - a wand of heal wounds (8)
 g - a wand of teleportation (3)
 l - a wand of digging (3)
 r - a wand of hasting (5)
 y - a wand of digging (13)
 Y - a wand of digging (12)
Comestibles
 f - 2 slices of pizza
 i - 2 meat rations
 j - 12 fruits
 q - 2 fruits
 F - 4 fruits
 H - 2 beef jerkies
 I - a bread ration
 R - 3 royal jellies {!e}
Scrolls
 b - a scroll of identify
 u - 2 scrolls of silence
 w - a scroll of fear
 P - 3 scrolls of fog
 Q - a scroll of enchant weapon I
 T - 11 scrolls of remove curse
 U - a scroll of magic mapping
 V - a scroll of teleportation
Jewellery
 c - the amulet of the Air (around neck) {Inacc +Fly rElec EV+5 RMsl}
   (You bought it in a shop on level 4 of the Orcish Mines)

   [amulet of inaccuracy]

   It reduces the accuracy of all your attacks.
   It affects your evasion (+5).
   It insulates you from electricity.
   It lets you fly.
   It protects you from missiles.
 o - an uncursed ring of protection from magic
 s - an uncursed ring of protection from cold
 C - a ring of see invisible (right hand)
 L - a +0,+9 ring of slaying (left hand)
 S - an uncursed ring of regeneration
 X - a +6 ring of evasion
Potions
 d - a potion of restore abilities
 h - 5 potions of haste
 k - 17 potions of curing
 p - 2 potions of flight
 t - 2 potions of berserk rage
 x - 4 potions of brilliance
 z - 8 potions of might
 A - 5 potions of invisibility
 B - a potion of resistance
 E - a potion of magic
 W - 2 potions of heal wounds
Miscellaneous
 m - a sack of spiders
 G - a lamp of fire

▒····▒▒▒····▒·····
▒···········▒·····
▒▒▒▒+▒▒▒▒▒▒▒▒▒▒▒▒▒▒▒·····
·························
··························
·····R·)··················
······R·R···········∩·····
·······@·················
········c················
·························
························
▒▒▒▒▒▒▒▒▒▒▒▒▒▒▒▒▒▒▒▒▒▒▒▒


You could see 3 Maras and MackTheKnife's illusion (berserk).


Message History

Mara shimmers and seems to become three!
MackTheKnife's illusion hits you!!!
* * * LOW HITPOINT WARNING * * *
You feel drained.
* * * LOW HITPOINT WARNING * * *
MackTheKnife's illusion hits you.
* * * LOW HITPOINT WARNING * * *
You feel drained.
MackTheKnife's illusion hits you but does no damage.
You feel drained. MackTheKnife's illusion hits you!!
* * * LOW HITPOINT WARNING * * *
You feel drained.
* * * LOW HITPOINT WARNING * * *
Mara gestures at you.
Helpless, you fail to dodge the bolt of fire.
You resist.
* * * LOW HITPOINT WARNING * * *
MackTheKnife's illusion hits you but does no damage.
You feel drained.
MackTheKnife's illusion completely misses you.
Mara gestures at you.
The bolt of fire hits Mara.
Mara resists.
The bolt of fire misses MackTheKnife's illusion.
Helpless, you fail to dodge the bolt of fire.
You resist.
* * * LOW HITPOINT WARNING * * *
Mara says, "Entranced by some poetic flight, are you?"
MackTheKnife's illusion hits you!!
You die...

Action                   |  1- 3 |  4- 6 |  7- 9 | 10-12 | 13-15 | 16-18 | 19-21 || total
-------------------------+-------+-------+-------+-------+-------+-------+-------++-------
Melee: Quarterstaff      |   107 |   190 |   469 |       |       |       |       ||   766
       Scythe            |       |       |    13 |   690 |  1754 |  1298 |  1290 ||  5045
Invok: Berserk           |       |     1 |     2 |    14 |    14 |    14 |    14 ||    59
       Trog's Hand       |       |       |     1 |    10 |    20 |    33 |    22 ||    86
       Burn Spellbooks   |       |       |       |     2 |       |     2 |     2 ||     6
       Brothers in Arms  |       |       |       |     1 |    27 |    16 |    13 ||    57
Evoke: Wand              |       |       |     4 |     9 |    23 |     2 |     5 ||    43
       Rod               |       |       |       |       |     1 |       |       ||     1
       Lamp of fire      |       |       |       |       |       |     2 |       ||     2
  Use: Scroll            |       |     8 |    10 |    14 |    23 |    20 |    15 ||    90
       Potion            |       |       |     2 |     6 |    22 |     4 |     4 ||    38
 Stab: Distracted        |       |       |       |       |     4 |     2 |     3 ||     9
       Sleeping          |       |       |       |       |     4 |       |       ||     4
       Invisible         |       |       |       |       |       |     2 |       ||     2

Vault maps used:
D:1:      lemuel_arrival_room
D:2:      serial_park_square1, first_bread
D:3:      lemuel_doored_altar, corexii_shack
D:4:      minmay_temple_entry_poolview, uniq_sigmund
D:5:      kennysheep_kobold_camp, uniq_edmund
D:7:      minitemple, enter_bailey_2, uniq_pikel
D:8:      serial_glass, glass_columns_c, glass_columns_b, glass_columns_a,
          glass_columns_a, glass_columns_b, glass_columns_c, glass_columns_b,
          glass_columns_a, glass_columns_b, glass_columns_c, glass_columns_b,
          glass_columns_a, glass_columns_a, glass_columns_a
D:9:      david_lair_generic, serial_shops, kennysheep_mini_moat, the_bakery,
          fountainhead
D:10:     serial_shops, shop, nicolae_straight_to_the_point, uniq_nergalle
D:11:     david_orc_3, minmay_misc_feat_encased
D:12:     serial_shops, nicolae_shop_statue_plus, minmay_splitting_lines
D:13:     david_vaults_1, serial_column_ruins, column_ruins_grid_1,
          column_ruins_grid_3, column_ruins_open_medium,
          column_ruins_open_tiny_water, column_ruins_open_tiny
D:14:     serial_shops, shop, infiniplex_staircase_x
D:15:     grunt_enter_depths_magical_seal
Orc:1:    serial_shops, shop, shop, nicolae_shop_behind_doors, shop,
          uniq_eustachio, uniq_duvessa
Orc:2:    mines5_lemuel, uniq_erolcha, uniq_sonja, uniq_snorg
Orc:3:    basic_altar, nicolae_orc_pool_cavern, mines2_lemuel, uniq_nessos
Orc:4:    serial_shops, shop, grunt_orc_community_town_hall,
          grunt_orc_community_big_house_2, grunt_orc_community_big_house_2,
          grunt_orc_community_house_2, grunt_orc_community_house_3,
          grunt_orc_community_house_1, grunt_orc_community_house_1,
          grunt_orc_community_house_2
Lair:1:   st_stairs_6, hibernation_bobbens, uniq_harold, uniq_prince_ribbit2
Lair:2:   serial_forest, infiniplex_forest_lined_corner,
          infiniplex_forest_fountain, infiniplex_forest_zigzag_2,
          infiniplex_forest_straight_4, minmay_lair_goldilocks
Lair:3:   elwin_shoals_entry_rocks, bh_autumn_forest_stairs
Lair:4:   minivault_25
Lair:5:   infiniplex_staircase_pool
Lair:6:   dummy_spider_entry, basic_altar, serial_bayou_shore_a
Lair:7:   nicolae_volcano_entry_hallway, st_stairs_5, uniq_erica
Lair:8:   evil_forest, slime_altar_1, serial_pond, minmay_pond_plants_c,
          minmay_pond_fungi_i, minmay_pond_plants_o, minmay_hedge_maze,
          st_stairs_13, bobbens_ice_dragon_lair, lemuel_strawberry_fields,
          serial_bayou_shore_b
Shoals:1: uniq_nikola, uniq_maud
Shoals:3: serial_shops, shop, lemuel_oklob_altar
Shoals:4: st_sunken_temple, uniq_ilsuiw
Shoals:5: serial_shops, shop, nicolae_shop_waterfront,
          nicolae_shop_overgrown_old_shop, shop, shoals_end_hangedman,
          shoals_ilsuiw_alternative, nicolae_shoals_isolated_beach, uniq_louise
Spider:2: nicolae_spider_nook
Spider:3: nicolae_spider_mines_2
Spider:5: grunt_spider_rune_island, uniq_norris, uniq_roxanne
Vaults:1: vaults_mumra_hexcomb, v_misc_19, nicolae_vaults_ring_of_whatevers,
          v_alt_pattern_5, ontoclasm_vaults_shuriken,
          ontoclasm_vaults_claustrophobia, vaults_room_grid,
          ontoclasm_vaults_fault, nicolae_vaults_little_squares_1,
          ontoclasm_vaults_ring_square, v_pattern_5, hangedman_vaults_stream
Vaults:2: v_misc_27, nicolae_vaults_little_squares_4, v_misc_30,
          nicolae_vaults_little_squares_5, vaults_dpeg_cross,
          hangedman_vaults_cutoff, hangedman_vaults_corner_blocks
Vaults:3: nicolae_vaults_three_branches, vaults_room_fancy_cross,
          minmay_crypt_entry_simple_round, ontoclasm_vaults_spin,
          vaults_blade_entry_pillars, hangedman_vaults_trim, v_misc_25,
          vaults_dpeg_ring, nicolae_vaults_ninety_degrees, vaults_dpeg_doors,
          nicolae_vaults_arrows, v_rooms_3, nicolae_vaults_shelves_hall,
          vaults_dpeg_diagonal, uniq_aizul, uniq_donald
Vaults:4: v_misc_27, nicolae_vaults_alarming, ontoclasm_vaults_eye,
          hangedman_vaults_pinch, vaults_room_ringed_pool,
          nicolae_vaults_octagons, vaults_standard_mumra_enter_the_diamond,
          ontoclasm_vaults_ring_small, nicolae_vaults_border_crossing,
          vaults_dpeg_encased_lava, serial_shops, nicolae_shop_crystal, shop,
          shop_fountains, uniq_frederick, uniq_margery, uniq_mennas, uniq_mara
Bailey:   bailey_axe_4, bailey
Volcano:  volcano_lake
Depths:1: hangedman_geh_valley, serial_column_ruins, column_ruins_circle_small,
          column_ruins_open_medium, column_ruins_open_small,
          column_ruins_grid_1, grunt_decor_mini_mirrors, dk_noncrumbling_3,
          kennysheep_generic_room_7, serial_bayou_shore_b
Depths:2: nooodl_glass_maze, abyss_entry_small_statue_room,
          roderic_bipointed_swastika, hell_entry, kennysheep_another_room,
          infiniplex_staircase_door_maze
Depths:3: grunt_bruiser_brothers, enter_ziggurat_e, grunt_pan_entry_in_and_out,
          hell_entry, minivault_14, grunt_decor_clamped
Depths:4: wad_mega_maze, hell_entry, pan_entry, abyss_entry
Depths:5: grunt_x_marks_the_spot, serial_shops, nicolae_shop_window_shopping,
          nicolae_shop_statue_plus, nicolae_shop_stone, rand_demon_pan_entry_9,
          hell_entry, abyss_entry, minmay_misc_feat_enclosed

Notes
Turn   | Place    | Note
--------------------------------------------------------------
     0 | D:1      | MackTheKnife, the Centaur Gladiator, began the quest for the Orb.
     0 | D:1      | Reached XP level 1. HP: 17/17 MP: 1/1
   165 | D:1      | Reached skill level 3 in Staves
   165 | D:1      | Reached XP level 2. HP: 18/24 MP: 2/2
   586 | D:1      | Reached XP level 3. HP: 25/29 MP: 3/3
   816 | D:2      | Reached skill level 4 in Staves
  1322 | D:2      | Reached XP level 4. HP: 23/36 MP: 3/3
  2319 | D:3      | Reached skill level 5 in Staves
  2346 | D:3      | Found a bloodstained altar of Trog.
  2360 | D:3      | Became a worshipper of Trog the Wrathful
  2784 | D:3      | Reached XP level 5. HP: 34/41 MP: 4/4
  3537 | D:4      | Acquired Trog's first power
  3770 | D:4      | Reached skill level 6 in Staves
  4108 | D:4      | Reached XP level 6. HP: 48/48 MP: 5/5
  4311 | D:4      | Noticed Sigmund
  4332 | D:4      | Killed Sigmund
  4332 | D:4      | Reached skill level 3 in Fighting
  4479 | D:4      | Reached skill level 4 in Fighting
  4626 | D:4      | Found a staircase to the Ecumenical Temple.
  4752 | D:4      | Reached XP level 7. HP: 53/60 MP: 5/5
  4845 | D:5      | Entered Level 5 of the Dungeon
  4859 | D:5      | Reached skill level 5 in Fighting
  5040 | D:5      | Reached skill level 6 in Fighting
  5216 | D:5      | Acquired Trog's second power
  5373 | D:5      | Reached skill level 3 in Dodging
  5457 | D:5      | Noticed MrRokkomies' ghost (average VSEn)
  5465 | D:5      | Killed MrRokkomies' ghost
  5465 | D:5      | Reached XP level 8. HP: 68/70 MP: 6/6
  5570 | D:5      | Reached skill level 4 in Dodging
  5603 | D:5      | Noticed Edmund
  5624 | D:5      | Killed Edmund
  5817 | D:6      | Reached skill level 5 in Dodging
  6576 | D:7      | Acquired Trog's third power
  6578 | D:7      | Reached skill level 6 in Dodging
  6600 | D:7      | Found a flagged portal.
  6613 | Bailey   | Entered a bailey
  6967 | Bailey   | Reached XP level 9. HP: 75/75 MP: 7/7
  7224 | D:7      | Reached skill level 7 in Dodging
  7535 | D:7      | Noticed Pikel
  7558 | D:7      | Killed Pikel
  7558 | D:7      | Reached skill level 8 in Dodging
  7627 | D:7      | Found a white marble altar of Elyvilon.
  7874 | D:7      | Found a shimmering altar of Xom.
  7879 | D:7      | Found a blossoming altar of Fedhas.
  8191 | D:8      | Got a polished scythe
  8192 | D:8      | Identified the +10,+7 scythe "Dragon's Doom" {drain, rF+ Str+3} (You found it on level 8 of the Dungeon)
  8228 | D:8      | Reached skill level 3 in Polearms
  8584 | D:8      | Reached skill level 4 in Polearms
  8733 | D:8      | Reached skill level 5 in Polearms
  8876 | D:8      | Reached skill level 6 in Polearms
  8988 | D:8      | Reached XP level 10. HP: 77/84 MP: 7/7
  9412 | D:9      | Noticed an elephant
  9441 | D:9      | Killed an elephant
  9441 | D:9      | Reached skill level 7 in Polearms
  9449 | D:9      | Received a gift from Trog
  9496 | D:9      | Found a staircase to the Lair.
  9736 | D:9      | Reached skill level 8 in Polearms
  9749 | D:9      | Found Abiy's Distillery.
  9752 | D:9      | Bought a potion of might for 37 gold pieces
  9752 | D:9      | Bought a potion of agility for 37 gold pieces
 10049 | D:10     | Entered Level 10 of the Dungeon
 10239 | D:10     | Noticed Nergalle
 10247 | D:10     | Killed Nergalle
 10247 | D:10     | Reached skill level 9 in Polearms
 10781 | D:10     | Found Hisepiu's Magic Scroll Shoppe.
 10792 | D:10     | Bought a scroll of magic mapping for 49 gold pieces
 10944 | D:10     | Reached skill level 10 in Polearms
 11658 | Lair:1   | Entered Level 1 of the Lair of Beasts
 11983 | Lair:1   | Noticed Prince Ribbit
 11988 | Lair:1   | Reached XP level 11. HP: 68/91 MP: 8/8
 11996 | Lair:1   | Killed Prince Ribbit
 11996 | Lair:1   | Received a gift from Trog
 12187 | Lair:1   | Noticed Harold
 12207 | Lair:1   | Killed Harold
 12207 | Lair:1   | Reached skill level 11 in Polearms
 13139 | Lair:2   | Reached skill level 12 in Polearms
 13839 | Lair:3   | Noticed a five-headed hydra
 14268 | Lair:3   | Found a staircase to the Shoals.
 14477 | Lair:3   | Reached skill level 13 in Polearms
 15401 | Lair:5   | Reached XP level 12. HP: 87/97 MP: 9/9
 15438 | Lair:5   | Received a gift from Trog
 15579 | Lair:5   | Noticed a four-headed hydra
 15602 | Lair:5   | Killed an eight-headed hydra
 15871 | Lair:5   | Reached skill level 14 in Polearms
 16089 | Lair:5   | Reached skill level 7 in Fighting
 16428 | Lair:6   | Identified a +1 rod of destruction (10/10) (You found it on level 6 of the Lair of Beasts)
 16522 | Lair:6   | Found a hole to the Spider Nest.
 16532 | Lair:6   | Reached skill level 8 in Fighting
 16538 | Lair:6   | Found an ancient bone altar of Kikubaaqudgha.
 17078 | Lair:6   | Noticed a six-headed hydra
 17139 | Lair:7   | Reached skill level 9 in Fighting
 17162 | Lair:7   | Found a dark tunnel.
 17182 | Volcano  | Entered a volcano
 17394 | Volcano  | Found a radiant altar of Vehumet.
 17483 | Volcano  | Reached skill level 10 in Fighting
 17744 | Lair:7   | Received a gift from Trog
 17812 | Lair:7   | Reached skill level 1 in Armour
 17943 | Lair:7   | Reached skill level 2 in Armour
 18117 | Lair:7   | Noticed Erica
 18137 | Lair:7   | Killed Erica
 18188 | Lair:7   | Reached XP level 13. HP: 37/113 MP: 9/9
 18550 | Lair:7   | Reached skill level 3 in Armour
 19237 | Lair:8   | Entered Level 8 of the Lair of Beasts
 19310 | Lair:8   | Reached skill level 9 in Dodging
 19337 | Lair:8   | Received a gift from Trog
 19535 | Lair:8   | Reached skill level 4 in Armour
 19567 | Lair:8   | Found a staircase to the Slime Pits.
 19568 | Lair:8   | Found a viscous altar of Jiyva.
 19591 | Lair:8   | Upgraded the game from 0.15-a0-225-ga4013df to 0.15-a0-258-g027b8cd
 19733 | Lair:8   | Noticed a dire elephant
 19738 | Lair:8   | Killed a dire elephant
 19993 | Lair:8   | Found a burning altar of Makhleb.
 20037 | Lair:8   | Reached skill level 5 in Armour
 20249 | Lair:8   | Found a gateway to Hell.
 20663 | Lair:8   | Received a gift from Trog
 20666 | Lair:8   | Got a bone halberd {god gift}
 20667 | Lair:8   | Identified the +2,+3 halberd "Sesix" {chop, +Inv rPois Str-4} (Trog gifted it to you on level 8 of the Lair of Beasts)
 20712 | Lair:8   | Reached skill level 10 in Dodging
 20896 | Lair:8   | Reached skill level 6 in Armour
 21340 | Lair:6   | Killed a six-headed hydra
 21436 | Lair:2   | Gained mutation: You have a pair of small horns on your head. [potion of beneficial mutation]
 21438 | Lair:2   | Lost mutation: You have a pair of small horns on your head. [potion of cure mutation]
 21443 | Lair:2   | Upgraded the game from 0.15-a0-258-g027b8cd to 0.15-a0-271-g6095dc6
 21979 | D:11     | Found a staircase to the Orcish Mines.
 22324 | D:11     | Reached skill level 11 in Fighting
 22571 | Orc:1    | Entered Level 1 of the Orcish Mines
 22571 | Orc:1    | Noticed Eustachio
 22580 | Orc:1    | Killed Eustachio
 22636 | Orc:2    | Noticed Sonja
 22638 | Orc:2    | Noticed Erolcha
 22646 | Orc:2    | Killed Erolcha
 22646 | Orc:2    | Reached XP level 14. HP: 104/124 MP: 10/10
 22660 | Orc:2    | Killed Sonja
 23173 | Orc:1    | Noticed Duvessa
 23173 | Orc:1    | Noticed Dowan
 23177 | Orc:1    | Killed Duvessa
 23179 | Orc:1    | Killed Dowan
 23257 | Orc:1    | Found Psuclarph's Distillery.
 23260 | Orc:1    | Bought a potion of beneficial mutation for 490 gold pieces
 23260 | Orc:1    | Bought a potion of poison for 14 gold pieces
 23260 | Orc:1    | Bought a potion of paralysis for 14 gold pieces
 23263 | Orc:1    | Gained mutation: You are agile. (Dex +2) [potion of beneficial mutation]
 23299 | Orc:1    | Found Klufed's Distillery.
 23301 | Orc:1    | Found Chuestrae's Armour Emporium.
 23312 | Orc:1    | Received a gift from Trog
 23315 | Orc:1    | Found Hoalevaz's Book Shop.
 23336 | Orc:1    | Bought a +0 centaur barding for 345 gold pieces
 23855 | Orc:3    | Found a staircase to the Elven Halls.
 24281 | Orc:3    | Noticed Nessos
 24294 | Orc:3    | Killed Nessos
 24490 | Orc:3    | Reached skill level 12 in Fighting
 24523 | Orc:3    | Found a shimmering altar of Xom.
 24574 | Orc:2    | Noticed Snorg
 24590 | Orc:2    | Killed Snorg
 24947 | Orc:2    | You fall through a shaft for 2 floors!
 24947 | Orc:4    | Entered Level 4 of the Orcish Mines
 24983 | Orc:4    | Found a roughly hewn altar of Beogh.
 25052 | Orc:4    | Found a roughly hewn altar of Beogh.
 25122 | Orc:4    | Found a roughly hewn altar of Beogh.
 25177 | Orc:4    | Found a roughly hewn altar of Beogh.
 25191 | Orc:4    | Found Hamel's Magic Scroll Shoppe.
 25234 | Orc:4    | Bought a scroll of identify for 32 gold pieces
 25234 | Orc:4    | Bought a scroll of identify for 32 gold pieces
 25429 | Orc:4    | Found a roughly hewn altar of Beogh.
 25442 | Orc:4    | Found Thikifro's Food Shoppe.
 25463 | Orc:4    | Received a gift from Trog
 25713 | Orc:4    | Found a roughly hewn altar of Beogh.
 25741 | Orc:4    | Found Blaibbunt's Jewellery Shoppe.
 25744 | Orc:4    | Bought the amulet of the Air {Inacc +Fly rElec EV+5 RMsl} for 523 gold pieces
 25830 | Orc:4    | Noticed an orc warlord
 26334 | Orc:4    | Found a roughly hewn altar of Beogh.
 26334 | Orc:4    | Found Kiumol's Antique Weapon Shop.
 26342 | Orc:4    | Found Pnorost's Antique Armour Boutique.
 26359 | Orc:4    | Bought a twisted scale mail for 315 gold pieces
 26360 | Orc:4    | Identified the +1 scale mail of Noon {+Rage MR++} (You bought it in a shop on level 4 of the Orcish Mines)
 26517 | Orc:4    | Found a roughly hewn altar of Beogh.
 26704 | Orc:4    | Killed an orc warlord
 27031 | Lair:2   | Upgraded the game from 0.15-a0-271-g6095dc6 to 0.15-a0-288-gf1bfef0
 27225 | D:12     | Reached skill level 13 in Fighting
 27359 | D:12     | Found Anaaf's Weapon Shop.
 28222 | D:13     | Got a warped chain mail
 28319 | D:13     | Received a gift from Trog
 28377 | D:13     | Identified the +8 chain mail of Vaobosiu {Str+1 Dex+4} (You found it on level 13 of the Dungeon)
 28611 | D:13     | Reached skill level 14 in Fighting
 28746 | D:13     | Found a gate to the Vaults.
 29456 | D:14     | Found Mnou's Food Shop.
 29866 | D:15     | Entered Level 15 of the Dungeon
 29972 | D:15     | Received a gift from Trog
 30229 | D:15     | Reached skill level 7 in Armour
 30284 | D:15     | Reached XP level 15. HP: 130/138 MP: 11/11
 30770 | D:15     | Found a staircase to the Depths.
 31174 | Spider:1 | Entered Level 1 of the Spider Nest
 31182 | Spider:1 | Reached skill level 15 in Polearms
 31195 | Lair:6   | HP: 9/138 [redback (9)]
 31538 | Lair:2   | Upgraded the game from 0.15-a0-288-gf1bfef0 to 0.15-a0-306-g5a3139e
 31608 | Shoals:1 | Entered Level 1 of the Shoals
 31608 | Shoals:1 | Noticed Maud
 31617 | Shoals:1 | Killed Maud
 32186 | Shoals:1 | Reached skill level 8 in Armour
 32390 | Shoals:1 | Noticed Nikola
 32396 | Shoals:1 | Identified a scroll of acquirement
 32837 | Lair:2   | Upgraded the game from 0.15-a0-306-g5a3139e to 0.15-a0-348-gfef1ba5
 33479 | Lair:6   | Upgraded the game from 0.15-a0-348-gfef1ba5 to 0.15-a0-411-g153a95e
 34339 | Spider:2 | Reached skill level 16 in Polearms
 35185 | Spider:2 | Received a gift from Trog
 35926 | Spider:3 | Found a roughly hewn altar of Beogh.
 35929 | Spider:3 | Reached skill level 17 in Polearms
 35939 | Spider:3 | Reached XP level 16. HP: 146/146 MP: 11/11
 37009 | Spider:4 | Got a sparkling amber ring
 37011 | Spider:4 | Identified the ring "Ypaam" {MP+9 Dex-2 Int+2} (You found it on level 4 of the Spider Nest)
 38336 | Shoals:2 | Got a slimy long sword
 38819 | Shoals:3 | Reached skill level 18 in Polearms
 38854 | Shoals:3 | Identified the +10,+10 long sword "Pendulum" {drain, +Inv Int+4 Stlth+} (You found it on level 2 of the Shoals)
 39113 | Shoals:3 | Found Psiub's General Store.
 39989 | Shoals:4 | Received a gift from Trog
 40148 | Shoals:4 | Noticed Ilsuiw
 40161 | Shoals:4 | Killed Ilsuiw
 40197 | Shoals:4 | Noticed a titan
 40266 | Shoals:4 | Killed a titan
 40464 | Shoals:4 | Upgraded the game from 0.15-a0-411-g153a95e to 0.15-a0-734-g2b8d6ef
 40465 | Shoals:5 | Entered Level 5 of the Shoals
 40465 | Shoals:5 | Found Uleti's Assorted Antiques.
 40626 | Shoals:5 | Bought a scroll labeled PREXETZ TWOH for 19 gold pieces
 40656 | Shoals:5 | Reached skill level 15 in Fighting
 40735 | Shoals:5 | Found Wiebbuh's Gadget Shop.
 40755 | Shoals:5 | Found Boicveulu's Antique Armour Shop.
 40910 | Shoals:5 | Reached XP level 17. HP: 156/156 MP: 12/12
 41213 | Shoals:5 | Bought a smoking plate armour for 1092 gold pieces
 41214 | Shoals:5 | Identified the +8 plate armour "Bemuxek" {Dex+4 Acc-5} (You bought it in a shop on level 5 of the Shoals)
 41245 | Shoals:5 | Got a barnacled rune of Zot
 41392 | Shoals:5 | Noticed Louise
 41412 | Shoals:5 | Killed Louise
 41626 | Shoals:5 | Reached skill level 16 in Fighting
 41746 | Shoals:5 | Found Kodihi's Weapon Emporium.
 41838 | Shoals:5 | Got a smelly plate armour
 41839 | Shoals:5 | Identified the +2 plate armour of the Rabble {+Blink +Fly rElec Str+3 SInv} (You found it on level 5 of the Shoals)
 42520 | Spider:5 | Entered Level 5 of the Spider Nest
 42585 | Spider:5 | Noticed Roxanne
 42594 | Spider:5 | Killed Roxanne
 43215 | Spider:5 | Noticed Norris
 43226 | Spider:5 | Killed Norris
 43226 | Spider:5 | Reached skill level 17 in Fighting
 44423 | Spider:5 | Reached skill level 18 in Fighting
 44751 | Spider:5 | Got a gossamer rune of Zot
 45199 | Depths:1 | Entered Level 1 of the Depths
 45202 | D:15     | Upgraded the game from 0.15-a0-734-g2b8d6ef to 0.15-a0-773-g3a4c672
 45478 | Depths:1 | Reached skill level 9 in Armour
 45484 | Depths:1 | Reached XP level 18. HP: 74/172 MP: 13/13
 46139 | Depths:1 | Noticed a lich
 46159 | D:15     | Upgraded the game from 0.15-a0-773-g3a4c672 to 0.15-a0-809-g8e1b895
 46466 | Depths:1 | Reached skill level 10 in Armour
 46501 | Depths:1 | Killed a lich
 47850 | Depths:2 | Reached skill level 1 in Evocations
 48177 | Depths:2 | Reached skill level 2 in Evocations
 48181 | Depths:2 | Reached skill level 3 in Evocations
 48196 | Depths:2 | Reached skill level 4 in Evocations
 48342 | Depths:2 | Reached skill level 5 in Evocations
 48466 | Depths:2 | Found a one-way gate to the infinite horrors of the Abyss.
 48549 | Depths:2 | Reached skill level 6 in Evocations
 48790 | Depths:2 | Reached skill level 7 in Evocations
 49545 | Depths:3 | Reached skill level 8 in Evocations
 49578 | Depths:3 | Received a gift from Trog
 49925 | Depths:3 | Reached skill level 9 in Evocations
 49983 | Depths:3 | Reached XP level 19. HP: 71/180 MP: 29/29
 49987 | Depths:3 | Found a gateway to a ziggurat.
 50701 | Depths:3 | Reached skill level 10 in Evocations
 51532 | Depths:3 | Found a one-way gate leading to the halls of Pandemonium.
 51734 | Depths:4 | Paralysed by a sphinx for 6 turns
 51870 | Depths:4 | Reached skill level 19 in Fighting
 53552 | Depths:4 | Received a gift from Trog
 53682 | Depths:5 | Entered Level 5 of the Depths
 53927 | Depths:4 | Upgraded the game from 0.15-a0-809-g8e1b895 to 0.15-a0-1081-gb32516e
 54326 | Orc:4    | Bought a +6 ring of evasion for 858 gold pieces
 55293 | Depths:5 | Reached skill level 20 in Fighting
 55322 | Depths:5 | Found Weaqex's Weapon Boutique.
 55355 | Depths:5 | Reached skill level 19 in Polearms
 55608 | Depths:5 | Found Ehonk's Gadget Emporium.
 55759 | Depths:5 | Found Dih Adann's Assorted Antiques.
 57179 | Depths:5 | Found a gate to the Realm of Zot.
 57424 | Depths:5 | Reached XP level 20. HP: 156/193 MP: 30/30
 57499 | Depths:5 | Paralysed by a great orb of eyes for 6 turns
 57517 | Depths:5 | Upgraded the game from 0.15-a0-1081-gb32516e to 0.15-a0-1119-g9b3a599
 58102 | Vaults:1 | Entered Level 1 of the Vaults
 58487 | Vaults:1 | Reached skill level 20 in Polearms
 58527 | Vaults:1 | Received a gift from Trog
 59038 | Vaults:1 | Received a gift from Trog
 59507 | Vaults:2 | Reached skill level 11 in Dodging
 60490 | Vaults:2 | Reached skill level 12 in Dodging
 60501 | Vaults:2 | Received a gift from Trog
 61206 | Vaults:3 | Got a faintly humming robe
 61210 | Vaults:3 | Identified the cursed +2 robe of Pleasant Breezes {Dex+1 Acc-4} (You found it on level 3 of the Vaults)
 61226 | Vaults:3 | Noticed Donald
 61234 | Vaults:3 | Killed Donald
 61687 | Vaults:3 | Found a staircase to the Hall of Blades.
 61885 | Vaults:3 | Noticed Aizul
 61895 | Vaults:3 | Killed Aizul
 62272 | Vaults:3 | Received a gift from Trog
 62344 | Vaults:3 | Found a staircase to the Crypt.
 62537 | Vaults:4 | Reached XP level 21. HP: 191/198 MP: 31/31
 62578 | Vaults:4 | Found Brasaaj's Distillery.
 62585 | Vaults:4 | Bought a potion of beneficial mutation for 490 gold pieces
 62586 | Vaults:4 | Gained mutation: You are partially covered in yellow scales (AC +2). [potion of beneficial mutation]
 62607 | Vaults:4 | Noticed Margery
 62623 | Vaults:4 | Killed Margery
 62625 | Vaults:4 | Reached skill level 21 in Polearms
 63162 | Vaults:4 | Found Streriexa's Food Shoppe.
 63208 | Vaults:4 | Noticed Frederick
 63215 | Vaults:4 | Noticed Mara
 63220 | Vaults:4 | Noticed MackTheKnife's illusion
 63220 | Vaults:4 | Killed Frederick
 63226 | Vaults:4 | HP: 14/198 [Mara/bolt of fire (15)]
 63227 | Vaults:4 | Annihilated by MackTheKnife's illusion

Vanquished Creatures
  Margery (Vaults:4)
  Norris (Spider:5)
  Frederick (Vaults:4)
  2 liches
  A kraken (Shoals:5)
  2 storm dragons (Depths:5)
  A shadow dragon (Depths:5)
  6 sphinxes
  Roxanne (Spider:5)
  A tengu reaver (Depths:3)
  A draconian monk (Depths:5)
  Donald (Vaults:3)
  A balrug (Depths:5)
  Ilsuiw (Shoals:4)
  7 frost giants
  4 vault wardens
  An octopode crusher (Depths:1)
  5 fire giants
  A draconian zealot (Depths:5)
  5 ghost moths
  Aizul (Vaults:3)
  14 stone giants
  A vampire knight (Depths:4)
  A deep elf annihilator (Vaults:2)
  6 emperor scorpions
  Louise (Shoals:5)
  5 dire elephants
  A black draconian (Depths:5)
  2 red draconians (Depths:5)
  2 purple draconians (Depths:5)
  4 merfolk javelineers (Shoals:5)
  Snorg (Orc:2)
  A yellow draconian (Depths:5)
  2 ettins (Depths:4)
  4 yaktaur captains
  4 merfolk impalers
  2 jiangshi (Depths:3)
  4 sirens
  8 fire dragons
  A vault guard (Vaults:4)
  A ravenous feature mimic (Vaults:4)
  A rakshasa (Depths:1)
  6 ironheart preservers
  A minotaur (Depths:1)
  A spriggan air mage (Depths:2)
  12 great orbs of eyes
  Harold (Lair:1)
  2 hydras
  6 deep troll earth magi
  4 merfolk aquamancers
  10 ogre magi
  9 death yaks
  An alligator snapping turtle (Shoals:5)
  3 dancing weapons (Vaults:3)
  2 satyrs
  5 ice dragons
  2 tengu warriors (Depths:5)
  2 vampire magi
  Nessos (Orc:3)
  An orc high priest (Orc:4)
  Erica (Lair:7)
  23 hell knights
  5 deep troll shamans
  A shadow wraith (Vaults:2)
  Nergalle (D:10)
  A monstrous demonspawn (Depths:3)
  3 flayed ghosts
  4 iron trolls
  7 skeletal warriors
  15 very ugly things
  20 orb spiders
  2 deep elf knights
  3 fire crabs
  4 spriggan berserkers
  2 giant orange brains (Depths:5)
  A swamp dragon (shapeshifter) (Depths:1)
  An unseen horror (D:13)
  Erolcha (Orc:2)
  Pikel (D:7)
  22 harpies
  11 centaur warriors
  5 water nymphs
  11 sea snakes
  A sphinx zombie (Vaults:2)
  10 ironbrand convokers
  6 deep elf conjurers
  25 deep trolls
  2 deep elf summoners
  3 red wasps
  12 orc knights
  A small abomination (Vaults:2)
  2 lindwurms
  30 wolf spiders
  10 cyclopes
  3 sixfirhies
  4 wizards
  9 griffons
  7 necromancers
  A red wasp (shapeshifter) (Vaults:3)
  An octopode (shapeshifter) (Depths:1)
  A drowned soul (Shoals:5)
  5 orc sorcerers
  6 black mambas
  2 molten gargoyles (Volcano)
  5 elephants
  A guardian serpent (shapeshifter) (D:14)
  10 fauns
  13 spiny frogs
  4 vault sentinels
  A gargoyle (D:14)
  3 moths of wrath
  6 kobold demonologists
  3 hill giants
  A torturous demonspawn (Depths:5)
  A hellwing (Depths:3)
  12 demonic crawlers
  A storm dragon simulacrum (Vaults:3)
  9 mermaids
  9 komodo dragons
  A yaktaur skeleton (Vaults:1)
  2 deep elf priests
  14 manticores
  A queen bee (shapeshifter) (Depths:3)
  A red devil (Lair:8)
  30 yaktaurs
  A wandering mushroom (Lair:8)
  2 giant fireflies (Depths:5)
  3 blue devils
  A boggart (shapeshifter) (Depths:4)
  14 merfolk
  2 yaktaurs (shapeshifter)
  A tengu conjurer (Depths:5)
  3 wind drakes
  2 tengu simulacra
  6 ravens (Depths:5)
  10 two-headed ogres
  2 hydra skeletons
  29 jumping spiders
  2 ghosts (Lair:8)
  4 boggarts (Depths:2)
  Prince Ribbit (Lair:1)
  9 snapping turtles
  25 slime creatures
  An ettin skeleton (Vaults:1)
  17 blink frogs
  A removed MONS_GRIZZLY_BEAR (Lair:2)
  3 shadows
  31 redbacks
  3 spriggans
  3 air elementals
  A neqoxec (Depths:5)
  12 water elementals
  18 trapdoor spiders
  3 basilisks
  4 deep elf magi
  10 fire drakes
  A chaos spawn (Depths:5)
  An elf zombie (D:14)
  A polar bear (Lair:2)
  19 yaks
  4 boulder beetles
  17 tarantellas
  19 hippogriffs
  4 fire bats (Volcano)
  10 trolls
  2 vampires
  A wraith (D:13)
  17 centaurs
  An elephant slug (D:9)
  A wyvern (D:9)
  Eustachio (Orc:1)
  60 ugly things
  6 deep elf fighters
  2 hungry ghosts
  A wind drake (shapeshifter) (Depths:4)
  12 vampire mosquitoes
  A hell beast (Depths:3)
  21 wolves
  15 wargs
  3 necrophages
  Edmund (D:5)
  10 sharks
  12 water moccasins
  3 mottled dragons
  The ghost of MrRokkomies the Vexing, an average VSEn (D:5)
  44 orc warriors
  2 black bears
  5 sky beasts
  25 spiders
  An ogre skeleton (Vaults:1)
  A slave (D:7)
  2 yellow wasps
  4 ice beasts
  A phantom (D:13)
  A manticore zombie (D:12)
  A removed MONS_GIANT_GOLDFISH (D:9)
  A vampire mosquito zombie (Vaults:2)
  Sigmund (D:4)
  27 ogres
  2 human zombies
  Duvessa (Orc:1)
  A monstrous demonspawn zombie (Depths:3)
  9 crocodiles
  8 giant slugs
  4 big kobolds
  A cyclops skeleton (D:13)
  3 porcupines
  13 giant frogs
  A yak zombie (D:7)
  A boulder beetle zombie (Vaults:1)
  2 eyes of draining
  6 scorpions
  A troll zombie (D:8)
  2 electric eels (Lair:8)
  19 wights
  A yak skeleton (D:7)
  9 crimson imps
  A centaur zombie (D:8)
  Dowan (Orc:1)
  5 goliath beetles
  14 hounds
  An iron imp (Depths:3)
  A jelly (D:11)
  A giant frog skeleton (D:11)
  44 orc priests
  A soldier ant zombie (D:11)
  A black bear skeleton (D:7)
  8 worker ants
  A basilisk skeleton (D:14)
  3 big fish
  25 orc wizards
  2 quasits
  A worker ant (shapeshifter) (Depths:3)
  11 iguanas
  A brain worm zombie (D:14)
  A mottled dragon zombie (D:15)
  37 sheep
  8 killer bees (D:12)
  An orc zombie (D:12)
  6 gnolls
  18 adders
  50 green rats
  5 shadow imps
  2 white imps
  5 giant mites
  11 worms
  2 ufetubi
  A giant eyeball (D:6)
  7 giant geckos
  2 oozes
  200 orcs
  2 bat skeletons
  6 giant cockroaches
  24 goblins
  20 hobgoblins
  18 jackals
  10 quokkas
  A ball python (D:5)
  21 bats
  A giant gecko zombie (D:9)
  5 giant newts
  6 giant spores
  A goblin skeleton (D:4)
  2 hobgoblin skeletons
  54 kobolds
  2 kobold skeletons
  3 orc skeletons
  20 rats
  A spectral orc (D:10)
  9 ballistomycetes
  A crawling corpse (Vaults:2)
  3 plants
  4 tentacles (Shoals:5)
1957 creatures vanquished.

Vanquished Creatures (collateral kills)
  2 titans
  Maud (Shoals:1)
  A deep elf sorcerer (Vaults:3)
  An emperor scorpion (Spider:5)
  An orc warlord (Orc:4)
  A dire elephant (Lair:8)
  3 merfolk impalers
  A great orb of eyes (Vaults:3)
  5 hydras
  3 hell knights
  A centaur warrior (Depths:1)
  An orb spider (Spider:5)
  A deep elf knight (Vaults:3)
  2 necromancers (Vaults:2)
  2 manticores
  A faun (Shoals:1)
  A water nymph (Shoals:5)
  3 cyclopes
  A fire giant zombie (Vaults:2)
  A frost giant zombie (Vaults:2)
  A mermaid (Shoals:4)
  An elephant (Lair:8)
  3 griffons
  3 orange demons (Lair:8)
  A smoke demon (Lair:8)
  A spiny frog (Lair:8)
  3 yaktaurs (Vaults:3)
  A demonic crawler (Spider:5)
  2 red devils
  A hellwing (Lair:8)
  6 merfolk
  Sonja (Orc:2)
  5 blink frogs (Lair:7)
  A two-headed ogre (Vaults:2)
  2 blue devils (Lair:8)
  A troll (D:13)
  A jumping spider (Lair:6)
  2 deep elf magi
  7 redbacks
  A human skeleton (Vaults:2)
  A snapping turtle (Shoals:4)
  4 vampire mosquitoes
  A hell hound (Lair:8)
  3 human zombies (Depths:3)
  4 ugly things (D:15)
  5 orc warriors (Orc:4)
  A water moccasin (Lair:8)
  4 centaurs
  An orc skeleton (Vaults:2)
  A hell hound zombie (Lair:8)
  A giant frog (D:12)
  A troll zombie (D:13)
  3 ogres
  An orc simulacrum (Vaults:2)
  A quasit (D:13)
  3 orc wizards (Orc:4)
  8 orcs
  2 hobgoblins (Orc:2)
  A kobold (D:13)
  A fungus (Lair:7)
  A tentacle (Shoals:5)
125 creatures vanquished.

Vanquished Creatures (others)
  A fire giant (Depths:5)
  An ogre mage (Vaults:1)
  A very ugly thing (D:15)
  A necromancer (Depths:2)
  19 drowned souls
  A black mamba (Lair:8)
  7 two-headed ogres
  A fire elemental (Spider:5)
  An ugly thing (D:12)
  A human zombie (Vaults:4)
  A sky beast (D:7)
  2 slaves (D:7)
  A centaur (D:12)
  22 ogres
  An electric eel (Lair:8)
  3 green rats (Lair:8)
  3 orcs
  A quokka (Lair:5)
  A giant spore (Lair:8)
  6 bushes (Lair:8)
  12 fungi
  9 plants
  9 tentacles (Shoals:5)
  241 tentacle segments (Shoals:5)
346 creatures vanquished.

Grand Total: 2428 creatures vanquished
